 Dungeon Crawl Stone Soup version 0.27.1-33-g824d729ab1 (webtiles) character file.

Game seed: 17323666106798575056

40 Eitelfritz the Slasher (level 3, -1/27 HPs)
             Began as a Demonspawn Gladiator on Dec 1, 2021.
             Killed by nerve-wracking pain
             ... invoked by Jessica
              (12 damage)
             ... on level 2 of the Dungeon.
             The game lasted 00:03:31 (942 turns).

Eitelfritz the Slasher (Demonspawn Gladiator)        Turns: 942, Time: 00:03:32

Health: -1/27      AC:  4    Str: 14    XL:     3   Next: 30%
Magic:  3/3        EV: 14    Int: 10    God:
Gold:   60         SH:  0    Dex: 14    Spells: 2/2 levels left

rFire    . . .     SeeInvis .   a - +0 long sword
rCold    . . .     Faith    .   (no shield)
rNeg     . . .     Spirit   .   b - +0 leather armour
rPois    .         Reflect  .   c - +0 helmet
rElec    .         Harm     .   (no cloak)
rCorr    .         Rampage  .   (no gloves)
Will     .....                  (no boots)
Stlth    +.........             (no amulet)
HPRegen  0.09/turn              (no ring)
MPRegen  0.08/turn              (no ring)

@: no status effects
A: repulsion field 1
a: no special abilities


You were on level 2 of the Dungeon.
You visited 1 branch of the dungeon, and saw 2 of its levels.

You collected 60 gold pieces.

Inventory:

Hand Weapons
 a - a +0 long sword (weapon)
Missiles
 d - 3 throwing nets (quivered)
 g - 16 poisoned darts
Armour
 b - a +0 leather armour (worn)
 c - a +0 helmet (worn)
Scrolls
 e - 3 scrolls of brand weapon {unknown}
 f - a scroll of amnesia {unknown}


   Skills:
 + Level 2.0 Fighting
 + Level 3.5 Long Blades
 + Level 1.9 Throwing
 + Level 0.2 Armour
 + Level 3.0 Dodging


You had 2 spell levels left.
You didn't know any spells.
Your spell library was empty.

Dungeon Overview and Level Annotations

Branches:
Dungeon (2/15)

Altars:

Annotations:
D:2 Jessica


Innate Abilities, Weirdness & Mutations

You are surrounded by a mild repulsion field. (EV +2)


Message History

Jessica shouts, "You're disturbing me!
I'll have to kill you!"
Jessica gestures wildly while chanting.
Jessica blinks!
You see here 10 gold pieces.
Jessica looks very angry.
Jessica mumbles some strange words.
Jessica blinks!
You barely miss Jessica. Jessica closely misses you.
You riposte.
You hit Jessica but do no damage. You closely miss Jessica.
Jessica hits you with a +0 dagger. Jessica hits you but does no damage.
You barely miss Jessica.
Jessica gestures wildly while chanting.
Jessica seems to speed up.
You hit Jessica but do no damage. Jessica hits you but does no damage.
Jessica casts a spell at you. Pain shoots through your body!
You hit Jessica but do no damage.
Jessica points at you and mumbles some strange words.
Pain shoots through your body!
You hit Jessica.
Jessica is severely wounded.
Jessica hits you with a +0 dagger. Jessica closely misses you.
You hit Jessica but do no damage.
Jessica is severely wounded.
Jessica closely misses you. Jessica barely misses you.
You hit Jessica but do no damage.
Jessica is severely wounded.
Jessica points at you and mumbles some strange words.
Pain shoots through your body!
Jessica points at you and mumbles some strange words.
Pain shoots through your body!
You barely miss Jessica.
Jessica is severely wounded.
Jessica hits you but does no damage. Jessica closely misses you.
You barely miss Jessica.
Jessica is severely wounded.
Jessica points at you and mumbles some strange words.
Pain shoots through your body!
You die...

#. ..$...# #
.#.####≈#.≈.#.# ####
..≈#..≈#≈....# ...#
#≈#....≈≈≈≈.# ...#
#≈...≈...≈≈.# ...#
##.≈.≈≈...≈≈.#
...#########.≈≈≈≈.#.≈.≈.#
.†.'...........≈@.≈.≈≈≈.#
...##########.≈≈@$.≈#♣≈.#
.#.....# #..≈≈≈..≈...≈.#
.......# #.........#.#..
.......# #.......###.#
.......# #.......# #
.......# #.....###
#......# #.....# .......#
#..... ..#.####


You could see Jessica (fast).

Vanquished Creatures
  A gnoll (D:1)
  A dart slug (D:1)
  2 bats (D:1)
  3 endoplasms (D:1)
  2 giant cockroaches (D:1)
  3 hobgoblins (D:1)
  3 kobolds (D:1)
  4 quokkas (D:1)
  A ball python (D:1)
  A frilled lizard (D:1)
  6 rats
27 creatures vanquished.

Notes
Turn   | Place    | Note
-------+----------+-------------------------------------------
     0 | D:1      | Eitelfritz the Demonspawn Gladiator began the quest for the
                  | Orb.
     0 | D:1      | Reached XP level 1. HP: 16/16 MP: 1/1
   123 | D:1      | Gained mutation: You are surrounded by a mild repulsion
                  | field. (EV +2) [demonic ancestry]
   123 | D:1      | Reached XP level 2. HP: 4/22 MP: 2/2
   512 | D:1      | Found a faded altar of an unknown god.
   554 | D:1      | Reached XP level 3. HP: 27/27 MP: 3/3
   927 | D:2      | Noticed Jessica
   942 | D:2      | Killed from afar by Jessica

Illustrated notes

Levels and vault maps discovered:
D:1:      amcnicky_arrival_blooded_trapdoor, layout_rooms,
          ebering_ecumenical_altar_rust, st_stairs_6
D:2:      layout_basic, serial_rivers, chequers_serial_rivers_large_a,
          chequers_serial_rivers_marsh, chequers_serial_rivers_micro_d,
          chequers_serial_rivers_marsh, chequers_serial_rivers_micro_e,
          minmay_parallelograms, chequers_serial_rivers_small_b,
          grunt_ministairs_3, uniq_jessica

Skill      XL: |  1 |
---------------+----+-----
Long Blades    | 3 |  3.5
Dodging        | 3 |  3.0
Fighting       | |  2.0
Throwing       | |  1.9
Armour         | |  0.2

Action                   || total
-------------------------++-------
Melee: Long sword        ||    64
 Stab: Sleeping          ||     1
Armor: Leather armour    ||    21
Dodge: Dodged            ||    47
       Rpst.: Long sword ||    16
